 Dungeon Crawl Stone Soup version 0.28.0 (webtiles) character file.

Game seed: 17535274323749502300

588 AmazingTV the Skirmisher (level 7, -3/61 HPs)
             Began as a Minotaur Berserker on July 26, 2022.
             Was a Believer of Trog.
             Killed by nerve-wracking pain
             ... invoked by an orc priest
              (6 damage)
             ... on level 4 of the Dungeon.
             The game lasted 00:14:16 (3279 turns).

AmazingTV the Skirmisher (Minotaur Berserker)       Turns: 3279, Time: 00:14:18

Health: -3/61      AC:  2    Str: 21    XL:     7   Next: 15%
Magic:  6/6        EV: 13    Int: 10    God:    Trog [**....]
Gold:   138        SH:  0    Dex: 12    Spells: 6/6 levels left

rFire   . . .      SeeInvis .   a - +0 falchion {long}
rCold   . . .      Faith    .   (no shield)
rNeg    . . .      Spirit   .   b - +0 animal skin
rPois   .          Reflect  .   (helmet restricted)
rElec   .          Harm     .   (no cloak)
rCorr   .          Rampage  .   (no gloves)
Will    .....                   (no boots)
Stlth   +.........              (no amulet)
HPRegen 0.20/turn               i - +6 ring of intelligence
MPRegen 0.10/turn               (no ring)

@: on berserk cooldown, slowed, very slow
A: horns 2, retaliatory headbutt
a: Renounce Religion, Berserk, Trog's Hand


You were on level 4 of the Dungeon.
You worshipped Trog.
Trog was pleased with you.
You visited 1 branch of the dungeon, and saw 3 of its levels.
You also visited: Ossuary.

You collected 138 gold pieces.

Inventory:

Hand Weapons
 a - a +0 falchion (weapon) {long}
 h - a +0 vampiric dagger {short}
 p - a +0 rapier
Missiles
 d - 4 boomerangs
 e - 4 poisoned darts (quivered)
 r - 18 arrows
Armour
 b - a +0 animal skin (worn)
Jewellery
 i - a +6 ring of intelligence (left hand)
Wands
 t - a wand of flame (15)
Scrolls
 c - a scroll of summoning {unknown}
 f - 2 scrolls of teleportation {unknown}
 j - a scroll of fear {unknown}
 m - 5 scrolls of identify {unknown}
 n - 2 scrolls of enchant armour {unknown}
 q - a scroll of enchant weapon {unknown}
Potions
 g - a potion of flight {unknown}
 k - a potion of resistance {unknown}
 l - 2 potions of heal wounds {unknown}
 o - a potion of mutation {unknown}
 s - a potion of magic {unknown}


   Skills:
 + Level 5.5 Fighting
 + Level 5.4 Long Blades
 + Level 3.4 Bows
 + Level 4.7 Armour
 + Level 4.2 Dodging


You had 6 spell levels left.
You didn't know any spells.
Your spell library contained the following spells:

 Spells                   Type           Power      Damage    Failure   Level
 Sandblast                Erth           0%         2d4       36%         1
 Passwall                 Tmut/Erth      0%         N/A       50%         2
 Stone Arrow              Conj/Erth      0%         3d7       75%         3


Dungeon Overview and Level Annotations

Branches:
Dungeon (4/15)             Temple (0/1) D:4         Ossuary (visited)

Altars:
Elyvilon
Ru

Shops:
D:1 *   D:2 (   D:4 (


Innate Abilities, Weirdness & Mutations

You have a pair of horns on your head.
You reflexively headbutt those who attack you in melee.


Message History

You closely miss the phantom.
The phantom is heavily damaged.
The orc priest invokes the aid of Beogh against you.
Pain shoots through your body! The phantom hits you.
The orc priest hits you with a +0 dagger.
The orc wizard hits you with a +0 dagger.
You closely miss the orc priest.
The orc priest is severely wounded.
The orc priest hits you with a +0 dagger.
The phantom hits you.
You closely miss the orc priest. Your headbutt misses the orc priest.
The orc priest is severely wounded.
The orc wizard casts a spell at you. The magic dart hits you.
You slice the phantom!!
You destroy the phantom!
Trog accepts your kill.
The orc priest closely misses you. x2; The orc wizard barely misses you.
You slash the orc wizard! Your headbutt misses the orc wizard.
The orc wizard is severely wounded.
The orc wizard hits you but does no damage.
The orc priest closely misses you.
The orc wizard hits you with a +0 dagger.
You feel less confused.
You feel a strong urge to attack something.
The orc priest calls down the wrath of Beogh upon you.
Beogh smites you!
* * * LOW HITPOINT WARNING * * *
You feel your anger nearly subside.
You are no longer berserk.
You are exhausted.
You feel yourself slow down.
The orc priest calls upon Beogh to heal something.
The orc priest calls upon Beogh to heal the orc priest.
The orc priest is healed somewhat.
The orc priest invokes the aid of Beogh against you.
Beogh smites you!
* * * LOW HITPOINT WARNING * * *
The orc priest calls down the wrath of Beogh upon you.
Pain shoots through your body!
You die...

..##..##...###..........#
###.....................#
....#......##....)......#
...........##.#<.########
####.....#.##..÷##
######.....###))######..
............#..........
#######............####
### #.........@....## ...
................# ...
................# ###
.#....†)..o..#..#.
#..#..#.o#.##....
.......#.o........
.........#.#......
.......###.#......
....(###.oo##...#..


You could see 2 orc priests and an orc.

Vanquished Creatures
  A black bear (D:4)
  A phantom (D:4)
  A scorpion (D:4)
  3 water moccasin zombies (Ossuary)
  An iguana (D:4)
  A hound skeleton (D:4)
  2 mummies (Ossuary)
  3 gnolls (D:4)
  3 adders
  8 adder zombies (Ossuary)
  A worm (D:2)
  A dart slug (D:4)
  4 bats
  4 endoplasms
  2 gnoll zombies (Ossuary)
  4 goblins
  3 hobgoblins
  3 quokkas (D:2)
  3 ball pythons
  A frilled lizard (D:2)
  5 hobgoblin zombies (Ossuary)
  A kobold (D:2)
  5 kobold zombies (Ossuary)
  4 orc zombies (Ossuary)
  2 rats
67 creatures vanquished.

Notes
Turn   | Place    | Note
-------+----------+-------------------------------------------
     0 | D:1      | AmazingTV the Minotaur Berserker began the quest for the
                  | Orb.
     0 | D:1      | Reached XP level 1. HP: 19/19 MP: 0/0
     0 | D:1      | magus.rc [v1.9.6]
   320 | D:1      | You pick up a book of Geomancy {forbidden} and begin
                  | reading...
   320 | D:1      | You add the spells Sandblast, Passwall and Stone Arrow to
                  | your library.
   535 | D:1      | Found Nivug's Assorted Antiques.
   697 | D:1      | Reached XP level 2. HP: 25/27 MP: 1/1
   863 | D:2      | HP: 3/27 [worm (11)]
  1204 | D:2      | Reached skill level 1 in Bows
  1427 | D:2      | Found a white marble altar of Elyvilon.
  1672 | D:2      | Reached XP level 3. HP: 33/33 MP: 2/2
  1890 | D:2      | Found Ukhli Punk's Antique Weapon Shop.
  1979 | D:2      | You fall into a shaft and drop 2 floors!
  2004 | D:4      | Found a sand-covered staircase.
  2017 | Ossuary  | Entered an ossuary
  2042 | Ossuary  | Reached XP level 4. HP: 34/40 MP: 3/3
  2191 | Ossuary  | Reached ** piety under Trog
  2315 | Ossuary  | Reached XP level 5. HP: 47/47 MP: 4/4
  2478 | Ossuary  | Reached XP level 6. HP: 26/55 MP: 5/5
  2714 | D:4      | Reached skill level 5 in Fighting
  2714 | D:4      | Reached skill level 5 in Long Blades
  2869 | D:4      | Found Butocan's Weapon Emporium.
  2889 | D:4      | Found a sacrificial altar of Ru.
  3245 | D:4      | Reached XP level 7. HP: 61/61 MP: 6/6
  3245 | D:4      | Found a staircase to the Ecumenical Temple.
  3278 | D:4      | HP: 3/61 [orc priest/divine providence (11)]
  3279 | D:4      | Killed from afar by an orc priest

Illustrated notes

Levels and vault maps discovered:
D:1:      amcnicky_arrival_double_pillar, layout_basic, serial_shops, shop
D:2:      layout_basic, serial_shops, shop, basic_altar, st_stairs_5
D:4:      layout_rooms, mainiacjoe_overflow_concentric_impassable,
          mainiacjoe_overflow_six_doors_small, minmay_temple_entry_slanted,
          serial_shops, shop, kennysheep_mini_moat, shop,
          nicolae_ossuary_entry_false_entrances

Skill      XL: |  1  2  3  4  5  6 |
---------------+-------------------+-----
Bows           | 1 2 3 |  3.4
Long Blades    | 4 5 |  5.4
Fighting       | 4 5 |  5.5
Armour         | 3 4 |  4.7
Dodging        | 3 4 |  4.2

Action                   |  1- 3 |  4- 6 |  7- 9 || total
-------------------------+-------+-------+-------++-------
Melee: Falchion          |    60 |   119 |    15 ||   194
       Headbutt          |     7 |    24 |     1 ||    32
       Punch             |     2 |       |       ||     2
Throw: Dart              |       |     5 |       ||     5
Invok: Berserk           |     1 |     2 |     1 ||     4
 Stab: Sleeping          |     1 |       |       ||     1
Armor: Animal skin       |     5 |    14 |     1 ||    20
Dodge: Dodged            |    32 |    61 |     9 ||   102
